Unix NetHack Version 3.7.0-66 Work-in-progress - last build Nov 25 2022 02:21:47 (a67c8fbd212c6e9cfe3af09653023564b5ba1bad,branch:master). Game began 2022-12-02 19:48:56, ended 2022-12-02 22:21:15. maneatingcow, lawful female human Priestess --------- |.......| ----- ----- |......{| -------- #-...| |...| |.......| #.......| #|...%#o@## |...| |........%%###|.......# ###### ....| #######....---- |......<| # |......|#### ########## |...| ###|.)....| ----[---- # |......-##########----- #####-...| ##|......| ## ## -------- # |.>.-#### ---.- # |......| # ## ####-..d|## ### ##....---- # ## |.^)-## ## |...| ---.-## ----- # ### |...| |...|# # ### -.--- |...|# # # ####### |...|# #### ## # |...-# # -------------|- # ----- ##..............| ####### |.............| # --------------- # Maneatingcow the Adept St:15 Dx:8 Co:15 In:9 Wi:18 Ch:10 Lawful S:4408 Dlvl:2 $:0 HP:0(48) Pw:92(92) AC:0 Xp:7/1004 T:9011 Satiated Latest messages: The rothe bites! The rothe hits! The rothe misses! The rothe bites! Are you sure you want to pray? [yn] (n) y You begin praying to Blind Io. You are surrounded by a shimmering light. The rothe starts to attack you, but pulls back. The rothe starts to attack you, but pulls back. The rothe starts to attack you, but pulls back. The rothe starts to attack you, but pulls back. The rothe starts to attack you, but pulls back. The rothe starts to attack you, but pulls back. The giant rat starts to attack you, but pulls back. You finish your prayer. You feel that Blind Io is well-pleased. You miss the rothe. The rothe misses! The rothe bites! The rothe bites! You hit the rothe. The rothe hits! The rothe bites! The rothe misses! The rothe misses! The rothe bites! The rothe misses! The giant rat just misses! What do you want to read? [l or ?*] l As you read the scroll, it disappears. You materialize in a different location! You fail to cast the spell correctly. The hill orc wields a curved sword! The hill orc swings his curved sword. The hill orc misses! What do you want to zap? [MN or ?*] M In what direction? 4 The bolt of fire hits it. You kill the rothe! You hit the hill orc. You hit the hill orc. The hill orc swings his curved sword. The hill orc hits! You hit the hill orc. The hill orc swings his curved sword. The hill orc hits! You die... Do you want your possessions identified? [ynq] (y) n Do you want to see your attributes? [ynq] (y) n Do you want an account of creatures vanquished? [ynaq] (y) q Inventory: Armor o - a blessed +3 orcish helm (being worn) c - a +0 small shield (being worn) G - a +0 elven mithril-coat (being worn) Scrolls l - a scroll of teleportation Potions n - a potion of gain ability q - a potion of levitation s - a potion of oil d - 4 potions of holy water Rings Q - a ring of poison resistance (on left hand) t - a ring of searching (on right hand) D - a ring of slow digestion Wands M - a wand of fire (0:2) N - a wand of teleportation (0:4) Tools i - an oil lamp x - a +0 pick-axe (weapon in hand) h - a skeleton key Maneatingcow the Priestess's attributes: Background: You were an Adept, a level 7 human Priestess. You were lawful, on a mission for Blind Io who was opposed by The Lady (neutral) and Offler (chaotic). You were in the Dungeons of Doom, on level 2. You entered the dungeon 9011 turns ago. It was nighttime. You had 1004 experience points, 276 more were needed to attain level 8. Your score was 4408 before end-of-game adjustments. Basics: You had 0 out of 48 hit points. You had all 92 energy points (spell power). Your armor class was 0. Your wallet was empty. Autopickup was off. Final Characteristics: Your strength was 15 (limit:18/100). Your dexterity was 8 (peak:10, limit:18). Your constitution was 15 (limit:18). Your intelligence was 9 (limit:18). Your wisdom was 18 (limit:18). Your charisma was 10 (limit:18). Final Status: You were satiated. You were unencumbered. You were wielding a pick-axe. You had no skill with pick-axe. Final Attributes: You were piously aligned. You were poison resistant. You were telepathic. You had automatic searching. You were guarded. You are dead. Miscellaneous: You never encountered a bones level. Total elapsed playing time was 52 minutes and 11 seconds. Major events: Turn 1: maneatingcow the lawful human Priestess entered the dungeon 956: attained the rank of Acolyte (level 3) 1673: entered the Gnomish Mines 2117: attained the rank of Adept (level 6) 9011: killed by a hill orc Vanquished creatures: a ghost 3 dingoes a plains centaur an orc shaman a rock mole a shrieker 2 gnome leaders a kobold mummy 2 paper golems 4 giant ants 2 little dogs 2 floating eyes a kitten 2 homunculi a kobold leader 3 hill orcs 2 rothes a giant bat a monkey 3 orc zombies 2 werejackals 4 iguanas 5 acid blobs 4 coyotes a hobbit 24 manes 2 large kobolds 3 hobgoblins 13 giant rats 6 cave spiders 3 brown molds a red mold 8 gnomes 3 gnome zombies 12 geckos 17 jackals a fox 3 kobolds 6 goblins 10 sewer rats 15 grid bugs 6 bats 6 lichens a kobold zombie 12 newts 203 creatures vanquished. No species were genocided or became extinct. Voluntary challenges: You read items or engraved 1 time. You never engraved Elbereth. You never genocided any monsters. You never polymorphed an object. You never changed form. You used no wishes. Achievements: You attained the rank of Acolyte. You entered the Gnomish Mines. You attained the rank of Adept. The Dungeons of Doom: levels 1 to 5 Level 1: An altar. Level 2: <- You were here. A fountain. Final resting place for you, killed by a hill orc. Level 3: Stairs down to The Gnomish Mines. Level 4: Level 5: The Gnomish Mines: Level 4: Game over: ---------- / \ / REST \ / IN \ / PEACE \ / \ | maneatingcow | | 0 Au | | killed by a hill | | orc | | | | | | 2022 | *| * * * | * _________)/\\_//(\/(/\)/\//\/|_)_______ Goodbye maneatingcow the Priestess... You died in The Dungeons of Doom on dungeon level 2 with 4408 points, and 0 pieces of gold, after 9011 moves. You were level 7 with a maximum of 48 hit points when you died.